 Dungeon Crawl Stone Soup version 0.31-a0-424-g41b3b0883d (webtiles) character file.

Game seed: 13846825814991331071

472 Ethylacetat the Insei (level 7, -3/46 HPs)
             Began as an Octopode Shapeshifter on July 30, 2023.
             Slain by a lemure (9 damage)
             ... led by Pikel
             ... on level 4 of the Dungeon.
             The game lasted 00:07:16 (3341 turns).

Ethylacetat the Insei (Octopode Shapeshifter)       Turns: 3341, Time: 00:07:16

Health: -3/46      AC:  1    Str: 14    XL:     7   Next: 9%
Magic:  7/7        EV: 14    Int: 11    God:
Gold:   164        SH:  0    Dex: 14    Spells: 6/6 levels left

rFire   . . .        i - +2 dagger (speed)
rCold   . . .        (no shield)
rNeg    . . .        (helmet currently unavailable)
rPois   .            (no amulet)
rElec   .            d - ring of willpower
rCorr   .            (no ring)
SInv    .            (no ring)
Will    +....        (no ring)
Stlth   ++           (no ring)
HPRegen 0.27/turn    (no ring)
MPRegen 0.10/turn    (no ring)
                     (no ring)

%: no passive effects
@: beast-form
A: beast (slay +2), almost no armour, amphibious, 8 rings, camouflage 1,
gelatinous body 1, (nimble swimmer 1), tentacles
a: Begin Untransformation


You were on level 4 of the Dungeon.
You were a hulking beast.
You visited 1 branch of the dungeon, and saw 4 of its levels.

You collected 164 gold pieces.

Inventory:

Hand Weapons
 i - a +2 dagger of speed (weapon)
Jewellery
 d - a ring of willpower (left tentacle)
Talismans
 b - a beast talisman (active)
Wands
 l - a wand of mindburst (8)
 n - a wand of polymorph (10)
Scrolls
 e - 4 scrolls of teleportation {unknown}
 h - a scroll of amnesia {unknown}
 j - a scroll of blinking {unknown}
 k - a scroll of acquirement {unknown}
 m - a scroll of immolation {unknown}
 o - 2 scrolls of noise {unknown}
 p - a scroll of revelation {unknown}
 q - a scroll of silence {unknown}
 r - a scroll of fear {unknown}
 s - a scroll of vulnerability {unknown}
 t - a scroll of identify {unknown}
Potions
 a - 2 potions of lignification
 c - a potion of cancellation {unknown}
 f - a potion of curing {unknown}
 g - 3 potions of attraction {unknown}


   Skills:
 + Level 3.5 Fighting
 + Level 4.0 Dodging
 + Level 4.6 Unarmed Combat
 + Level 4.2 Shapeshifting


You had 6 spell levels left.
You didn't know any spells.
Your spell library contained the following spells:

 Spells                   Type           Power      Damage    Failure   Level
 Apportation              Tloc           0%         N/A       34%         1
 Freeze                   Ice            0%         1d3       34%         1
 Necrotise                Necr           0%         1d4       34%         1
 Summon Small Mammal      Summ           0%         N/A       34%         1
 Frozen Ramparts          Ice            0%         1d1       71%         3
 Hailstorm                Conj/Ice       0%         3d3       71%         3


Dungeon Overview and Level Annotations

Branches:
Dungeon (4/15)             Temple (0/1) D:4

Altars:

Annotations:
D:4 2 transporters, MacCMillion's ghost, amateur OpSh; Pikel


Innate Abilities, Weirdness & Mutations

You are a hulking beast.
Your limbs bulge with bestial killing power. (Slay +2)
You cannot wear most types of armour.
You are amphibious.
You can wear up to eight rings at the same time.
Your skin changes colour to match your surroundings (Stealth+).
Your rubbery body absorbs attacks. (AC +1, EV +1)
((You are camouflaged when in or above water. (Stealth+)))
You have tentacles for arms and can constrict up to eight enemies at once.


Message History

You hit the lemure but do no damage. You squeeze the lemure!
The lemure is moderately wounded.
You constrict the lemure, but do no damage.
The lemure hits you.
You hit the lemure. You squeeze the lemure.
The lemure is heavily wounded.
You constrict the lemure. You hit the lemure. You squeeze the lemure.
The lemure is severely wounded.
You constrict the lemure. The lemure misses you.
You hit the lemure. You squeeze the lemure.
You kill the lemure!
That felt strangely unrewarding.
Pikel hits you with a +0 whip of flaming!
Pikel burns you.
You hit Pikel. Your grab misses Pikel.
Pikel is lightly wounded.
You hit Pikel. You grab Pikel.
Pikel is lightly wounded.
You constrict Pikel, but do no damage.
Pikel checks his coin pouch and frowns.
Pikel hits you with a +0 whip of flaming!
Pikel burns you.
You hit Pikel.
Pikel is lightly wounded.
You constrict Pikel.
The quokka twitches its whiskers.
The lemure hits you. Pikel hits you but does no damage.
You hit Pikel.
You tentacle-slap Pikel, but do no damage.
You squeeze Pikel!
Pikel is heavily wounded.
You constrict Pikel. The lemure hits you!
* * * LOW HITPOINT WARNING * * *
Pikel hits you with a +0 whip of flaming.
* * * LOW HITPOINT WARNING * * *
Pikel burns you.
* * * LOW HITPOINT WARNING * * *
The lemure hits you!
You die...

#..## ### ## ####
######.#######
##.............
#..............
###...#########†)
#.#..##©......##.
###.).#8.......8#.
#######5#..)#y........#.
.<....5h)...#Ww.......#.
......K5...©#r...©....#©
............#$........#.
...###.##...#)........#.
.. ... ##..#8.!.....8#.
. .... #..##.......##.
.... ....#########..
..... ..............
........


You could see Pikel, 3 lemures, a worm, a killer bee, MacCMillion's ghost and a
quokka.

Vanquished Creatures
  Menkaure (D:4)
  A lemure (D:4)
  An ogre (D:4)
  A phantom (D:3)
  Robin (D:4)
  6 gnolls
  5 adders
  A dart slug (D:1)
  5 orcs
  8 ball pythons
  4 bats
  7 endoplasms
  A giant cockroach (D:1)
  15 goblins
  9 hobgoblins
  2 jackals (D:3)
  5 kobolds
  8 frilled lizards
  7 rats
88 creatures vanquished.

Notes
Turn   | Place    | Note
-------+----------+-------------------------------------------
     0 | D:1      | Ethylacetat the Octopode Shapeshifter began the quest for
                  | the Orb.
     0 | D:1      | Reached XP level 1. HP: 13/13 MP: 1/1
    82 | D:1      | Reached XP level 2. HP: 12/18 MP: 2/2
   420 | D:1      | Reached XP level 3. HP: 23/23 MP: 3/3
  1157 | D:2      | Reached XP level 4. HP: 23/29 MP: 4/4
  1991 | D:3      | Noticed a phantom
  2008 | D:3      | Killed a phantom
  2009 | D:3      | Reached XP level 5. HP: 15/35 MP: 5/5
  2462 | D:4      | Found a staircase to the Ecumenical Temple.
  2675 | D:4      | Noticed Menkaure
  2708 | D:4      | Killed Menkaure
  2709 | D:4      | Reached XP level 6. HP: 10/42 MP: 6/6
  2908 | D:4      | Noticed Robin
  2921 | D:4      | Killed Robin
  3072 | D:4      | Reached XP level 7. HP: 46/46 MP: 7/7
  3187 | D:4      | Found a transporter.
  3187 | D:4      | Noticed MacCMillion's ghost (amateur OpSh)
  3198 | D:4      | Found a transporter.
  3331 | D:4      | Noticed Pikel
  3341 | D:4      | Slain by a lemure

Illustrated notes

Levels and vault maps discovered:
D:1:      dpeg_arrival_stonehenge_8_columns, layout_loops_ring,
          corexii_leaking_fountain, nicolae_the_louvre
D:2:      layout_rooms, dk_noncrumbling_2
D:3:      layout_loops_corners, serial_aquarium, aquarium_bridge_long_separate
          [aquarium_subvault_window, aquarium_subvault_wall,
          aquarium_subvault_bridge, aquarium_subvault_bridge,
          aquarium_subvault_window, aquarium_subvault_balcony],
          aquarium_bridge_island_large [aquarium_subvault_large_water,
          aquarium_subvault_bridge, aquarium_subvault_bridge,
          aquarium_subvault_window, aquarium_subvault_bridge],
          aquarium_window_1, aquarium_window_2, aquarium_window_corridor_2,
          aquarium_window_2, aquarium_view_2c, aquarium_pool_corner
D:4:      layout_layer_cave, minmay_temple_entry_wispy, gammafunk_ghost_arena,
          nicolae_shop_sticking_my_neck_out, uniq_robin, uniq_menkaure,
          uniq_pikel

Skill      XL: |  1  2  3  4  5  6  7 |
---------------+----------------------+-----
Fighting       | 2 3 |  3.5
Dodging        | 3 4 |  4.0
Unarmed Combat | 4 |  4.6
Shapeshifting  | 4 |  4.2

Action                     |  1- 3 |  4- 6 |  7- 9 || total
---------------------------+-------+-------+-------++-------
  Melee: Unarmed           |    46 |       |       ||    46
         Tentacles         |    11 |    16 |    13 ||    40
         Constrict         |    19 |    17 |     7 ||    43
         Dagger            |    28 |    81 |    26 ||   135
         Punch             |     1 |     1 |     1 ||     3
   Stab: Sleeping          |     8 |     5 |       ||    13
 Armour: Skin              |     9 |     3 |     2 ||    14
  Dodge: Dodged            |    35 |    37 |    15 ||    87

Table legend: (Time is in decaauts)
 A = Elapsed time spent in this place.
 B = Non-inter-level travel time spent in this place.
 C = Inter-level travel time spent in this place.
 D = Time resting spent in this place.
 E = Time spent auto-exploring this place.
 F = Levels seen in this place.
 G = Mean time per level.
                   A        B        C        D        E       F      G
               +--------+--------+--------+--------+--------+-----+--------+
         Total |   3294 |   3155 |    139 |    185 |   2454 |   4 |  823.5 |
       Dungeon |   3294 |   3155 |    139 |    185 |   2454 |   4 |  823.5 |
               +--------+--------+--------+--------+--------+-----+--------+

Top non-repeatable levels by time:
     D:3: 1197 daAuts
     D:1: 802 daAuts
     D:4: 700 daAuts
     D:2: 595 daAuts
